 Dungeon Crawl Stone Soup version 0.29-a0-340-g6efceafd81 (webtiles) character file.

Game seed: 3947895949568090122

6998 thiscave3701365 the Cleaver (level 11, -18/87 HPs)
             Began as a Gnoll Berserker on Apr 19, 2022.
             Was an Elder of Trog.
             Killed from afar by a deep elf zephyrmancer (24 damage)
             ... with a bolt of lightning
             ... on level 9 of the Dungeon.
             The game lasted 00:16:08 (11187 turns).

thiscave3701365 the Cleaver (Gnoll Berserker)      Turns: 11187, Time: 00:16:08

Health: -18/87     AC: 20    Str: 20    XL:     11   Next: 8%
Magic:  19/19      EV:  9    Int:  6    God:    Trog [****..]
Gold:   1462       SH:  0    Dex: 13    Spells: 21/21 levels left

rFire   + . .      SeeInvis .   D - +4 battleaxe
rCold   . . .      Faith    .   (shield currently unavailable)
rNeg    . . .      Spirit   .   K - +2 plate armour
rPois   .          Reflect  .   (no helmet)
rElec   .          Harm     .   t - +0 cloak
rCorr   .          Rampage  .   s - +1 pair of gloves
Will    .....                   k - +0 pair of boots
Stlth   ..........              H - amulet of the acrobat
HPRegen 0.24/turn               y - ring "Xus Ine" {rF+ Slay+3}
MPRegen 0.16/turn               (no ring)

@: on berserk cooldown, slowed, very slow
A: fangs 1, strong nose, distributed training
a: Renounce Religion, Berserk, Trog's Hand, Brothers in Arms


You were on level 9 of the Dungeon.
You worshipped Trog.
Trog was greatly pleased with you.
You visited 1 branch of the dungeon, and saw 9 of its levels.

You collected 1462 gold pieces.

Inventory:

Hand Weapons
 a - a +0 hand axe
 D - a +4 battleaxe (weapon)
 I - the +6 dagger of Zin, Breathing {vorpal, Int+3}
   (You found it on level 7 of the Dungeon)

   It inflicts extra damage upon your enemies.
   Int:       It affects your intelligence (+3).
 J - a +3 spear of venom
Armour
 k - a +0 pair of boots (worn)
 r - the +1 leather armour of Objectivity {Drain MP+9 Int+4 Slay+3}
   (You found it on level 2 of the Dungeon)

   Int:       It affects your intelligence (+4).
   Slay:      It affects your accuracy & damage with ranged weapons and melee
   (+3).
   MP:        It affects your magic capacity (+9).
   Drain:     It drains your maximum health when unequipped.
 s - a +1 pair of gloves (worn)
 t - a +0 cloak (worn)
 K - a +2 plate armour (worn)
Jewellery
 b - a ring of resist corrosion
 f - a ring of positive energy
 y - the ring "Xus Ine" (left hand) {rF+ Slay+3}
   (You found it on level 4 of the Dungeon)

   [ring of protection from fire]

   Slay:      It affects your accuracy & damage with ranged weapons and melee
   (+3).
   rF:        It protects you from fire.
 E - a ring of positive energy
 G - a +6 ring of dexterity
 H - an amulet of the acrobat (around neck)
Wands
 m - a wand of polymorph (7)
 o - a wand of acid (10)
 v - a wand of flame (15)
 A - a wand of paralysis (9)
 F - a wand of charming (7)
Scrolls
 d - 5 scrolls of immolation
 e - 2 scrolls of blinking
 g - a scroll of enchant armour
 i - a scroll of fog
 l - a scroll of identify
 n - 5 scrolls of teleportation
Potions
 c - 2 potions of attraction
 h - a potion of invisibility
 j - 9 potions of curing
 p - 5 potions of heal wounds
 q - a potion of ambrosia
 u - a potion of magic
 w - 3 potions of flight
 x - a potion of brilliance
 z - 3 potions of lignification
 B - 2 potions of mutation
 C - a potion of cancellation


   Skills:
 + Level 8.9 Fighting
 + Level 5.9 Short Blades
 + Level 5.9 Long Blades
 + Level 8.9 Axes
 + Level 5.9 Maces & Flails
 + Level 5.9 Polearms
 + Level 5.9 Staves
 + Level 5.9 Slings
 + Level 5.9 Bows
 + Level 5.9 Crossbows
 + Level 5.9 Throwing
 + Level 7.6 Armour
 + Level 7.6 Dodging
 + Level 5.9 Stealth
 + Level 5.9 Shields
 + Level 5.9 Unarmed Combat
 + Level 5.9 Spellcasting
 + Level 4.9 Conjurations
 + Level 4.9 Hexes
 + Level 4.9 Summonings
 + Level 4.9 Necromancy
 + Level 4.9 Translocations
 + Level 4.9 Transmutations
 + Level 4.9 Fire Magic
 + Level 4.9 Ice Magic
 + Level 4.9 Air Magic
 + Level 4.9 Earth Magic
 + Level 4.9 Poison Magic
 + Level 6.5 Invocations
 + Level 5.9 Evocations


You had 21 spell levels left.
You didn't know any spells.
Your spell library was empty.

Dungeon Overview and Level Annotations

Branches:
Dungeon (9/15)             Temple (0/1) D:6
   Lair: D:8-11         Orc: D:9-12

Altars:
Ashenzari
Dithmenos
Makhleb
Nemelex Xobeh
Sif Muna
Wu Jian
Xom
Zin
Beogh

Shops:
D:5 *(!:   D:8 !

Annotations:
D:6 3 runed translucent doors, sokol815's ghost, novice HuFi


Innate Abilities, Weirdness & Mutations

You have very sharp teeth.
Your uncanny sense of smell can sniff out nearby items.
Your experience applies equally to all skills.


Message History

The deep elf zephyrmancer is severely wounded.
The deep elf zephyrmancer hits you but does no damage.
You hit the deep elf zephyrmancer.
The deep elf zephyrmancer is severely wounded.
The deep elf zephyrmancer points at you and mumbles some strange words.
The bolt of lightning misses you.
A red film seems to cover your vision as you go berserk!
You feel yourself moving faster!
You feel mighty!
The deep elf zephyrmancer gestures wildly while chanting.
The deep elf zephyrmancer blinks!
Okay, then.
You feel a strong urge to attack something.
Things that are here:
the -6 hat "Xerue" {+Inv rCorr}; a +2 hat of stealth; a +0 robe
Things that are here:
a +2 hat; the +2 hat of Ivviuzeg {Rampage rPois rF- Dex+3}; a +0 robe You feel your anger nearly subside.
Things that are here:
the -6 hat "Xerue" {+Inv rCorr}; a +2 hat of stealth; a +0 robe You are no longer berserk.
You are exhausted.
You feel yourself slow down.
The deep elf zephyrmancer casts a spell at you.
The bolt of lightning misses you. The bolt of lightning hits you!!
There is an open door here.
You miss the deep elf zephyrmancer.
The deep elf zephyrmancer is severely wounded.
The deep elf zephyrmancer points at you and mumbles some strange words.
The bolt of lightning hits you!!
* * * LOW HITPOINT WARNING * * *
The bolt of lightning hits you!
* * * LOW HITPOINT WARNING * * *
The deep elf zephyrmancer hits you with a +0 long sword.
* * * LOW HITPOINT WARNING * * *
You miss the deep elf zephyrmancer.
Your bite misses the deep elf zephyrmancer.
The deep elf zephyrmancer is severely wounded.
The deep elf zephyrmancer gestures at you while chanting.
The bolt of lightning hits you!!
You die...

########
...#.#.##############
.#...#......#.......#
.#.#...#....'.......#
.#.#...#...##...##..#
.#...#.....##...##..#
...#.#.#...##########
########...# ##########
..##+##....# #[[@e.'):#
......#....# ####''####
......###### #......###
......# +....☼.'.# ......#
#......### ......#
###......### .[....#####
#.'[.[.☼.'.#
###'#.....#####[.[...###
....#......######['########


You could see a deep elf zephyrmancer.

Vanquished Creatures
  3 two-headed ogres
  A deep elf pyromancer (D:9)
  2 hornets (D:9)
  7 yaks (D:9)
  Eustachio (D:4)
  A wyvern (D:9)
  Menkaure (D:5)
  Duvessa (D:5)
  3 orc warriors
  A swamp drake (D:9)
  An ice beast (D:5)
  A sky beast (D:7)
  2 black bears
  2 centaurs
  3 kobold brigands
  Blork the orc (D:9)
  2 necrophages (D:5)
  3 gnoll sergeants
  7 wights
  Dowan (D:5)
  A gnoll shaman (D:7)
  3 hounds
  3 jellies (D:7)
  4 orc priests
  An iron imp (D:9)
  4 iguanas
  9 orc wizards
  21 gnolls
  4 adders
  2 shadow imps
  A white imp (D:9)
  3 ufetubi
  3 worms
  36 orcs
  11 ball pythons
  4 bats
  7 endoplasms
  2 giant cockroaches (D:3)
  11 goblins
  6 hobgoblins
  2 jackals (D:4)
  6 quokkas
  4 frilled lizards
  16 kobolds
  2 rats (D:3)
210 creatures vanquished.

Notes
Turn   | Place    | Note
-------+----------+-------------------------------------------
     0 | D:1      | thiscave3701365 the Gnoll Berserker began the quest for the
                  | Orb.
     0 | D:1      | Reached XP level 1. HP: 23/23 MP: 1/1
     8 | D:1      | Noticed an ogre
   191 | D:1      | Found a faded altar of an unknown god.
   925 | D:2      | Found a shimmering blue altar of Sif Muna.
   931 | D:2      | Reached XP level 2. HP: 29/29 MP: 2/2
  1075 | D:2      | Reached XP level 3. HP: 32/35 MP: 3/3
  1325 | D:2      | Reached skill level 1 in Invocations
  1898 | D:2      | Identified the +1 leather armour of Objectivity {Drain MP+9
                  | Int+4 Slay+3}
  2099 | D:3      | Reached skill level 1 in Short Blades
  2099 | D:3      | Reached skill level 1 in Long Blades
  2099 | D:3      | Reached skill level 1 in Maces & Flails
  2099 | D:3      | Reached skill level 1 in Polearms
  2099 | D:3      | Reached skill level 1 in Staves
  2099 | D:3      | Reached skill level 1 in Slings
  2099 | D:3      | Reached skill level 1 in Bows
  2099 | D:3      | Reached skill level 1 in Crossbows
  2099 | D:3      | Reached skill level 1 in Throwing
  2099 | D:3      | Reached skill level 1 in Stealth
  2099 | D:3      | Reached skill level 1 in Shields
  2099 | D:3      | Reached skill level 1 in Unarmed Combat
  2099 | D:3      | Reached skill level 1 in Spellcasting
  2099 | D:3      | Reached skill level 1 in Evocations
  2133 | D:3      | Reached XP level 4. HP: 40/41 MP: 5/5
  2147 | D:3      | Reached skill level 1 in Conjurations
  2147 | D:3      | Reached skill level 1 in Hexes
  2147 | D:3      | Reached skill level 1 in Summonings
  2147 | D:3      | Reached skill level 1 in Necromancy
  2147 | D:3      | Reached skill level 1 in Translocations
  2147 | D:3      | Reached skill level 1 in Transmutations
  2147 | D:3      | Reached skill level 1 in Fire Magic
  2147 | D:3      | Reached skill level 1 in Ice Magic
  2147 | D:3      | Reached skill level 1 in Air Magic
  2147 | D:3      | Reached skill level 1 in Earth Magic
  2147 | D:3      | Reached skill level 1 in Poison Magic
  2259 | D:3      | Reached ** piety under Trog
  2305 | D:3      | Reached XP level 5. HP: 41/47 MP: 6/6
  2448 | D:3      | Found a glowing silver altar of Zin.
  2448 | D:3      | Found a sparkling altar of Nemelex Xobeh.
  2573 | D:3      | Found a shadowy altar of Dithmenos.
  2750 | D:4      | Noticed Eustachio
  2788 | D:4      | Killed Eustachio
  2789 | D:4      | Reached skill level 5 in Armour
  2789 | D:4      | Reached skill level 5 in Dodging
  2789 | D:4      | Reached XP level 6. HP: 53/53 MP: 9/9
  2892 | D:4      | Noticed a black bear
  2899 | D:4      | Killed a black bear
  3072 | D:4      | Reached XP level 7. HP: 59/59 MP: 10/10
  3222 | D:4      | Identified the ring "Xus Ine" {rF+ Slay+3}
  3427 | D:5      | Entered Level 5 of the Dungeon
  3510 | D:5      | Found Olotweg's Book Emporium.
  3704 | D:5      | Noticed Menkaure
  3712 | D:5      | Killed Menkaure
  4362 | D:5      | Noticed Duvessa
  4363 | D:5      | Noticed Dowan
  4371 | D:5      | Killed Duvessa
  4372 | D:5      | Reached XP level 8. HP: 67/67 MP: 12/12
  4378 | D:5      | Killed Dowan
  4480 | D:5      | Found Kacaim's General Store.
  4534 | D:5      | Found an ornate altar of the Wu Jian Council.
  4681 | D:5      | Found Rosku's Antique Weapon Boutique.
  5052 | D:5      | Found Citaakh's Distillery.
  5260 | D:6      | Found a runed translucent gate.
  5260 | D:6      | Noticed sokol815's ghost (novice HuFi)
  5261 | D:6      | Found a runed translucent gate.
  5262 | D:6      | Found a runed translucent gate.
  5262 | D:6      | Identified the +1 plate armour of Unreason {Rampage +Inv
                  | rC+ Stlth+}
  5273 | D:6      | Reached *** piety under Trog
  5450 | D:6      | Found a broken altar of Ashenzari.
  5583 | D:6      | Found a staircase to the Ecumenical Temple.
  5777 | D:6      | Found the +3 hat of Pondering {ponderous, Will+ MP+10
                  | Int+5}
  5985 | D:6      | Identified a scroll of acquirement
  5985 | D:6      | Acquired 863 gold pieces
  6153 | D:7      | Reached XP level 9. HP: 72/72 MP: 14/14
  6359 | D:7      | Noticed a two-headed ogre
  6367 | D:7      | Killed a two-headed ogre
  6678 | D:7      | Found a shimmering altar of Xom.
  6917 | D:7      | Noticed a two-headed ogre
  6925 | D:7      | Killed a two-headed ogre
  6926 | D:7      | Reached skill level 5 in Invocations
  6926 | D:7      | Reached XP level 10. HP: 80/80 MP: 17/17
  7720 | D:7      | Identified the +6 dagger of Zin, Breathing {vorpal, Int+3}
  7821 | D:8      | Found Unnun's Distillery.
  7866 | D:8      | Noticed a two-headed ogre
  7874 | D:8      | Killed a two-headed ogre
  7875 | D:8      | Reached skill level 5 in Short Blades
  7875 | D:8      | Reached skill level 5 in Long Blades
  7875 | D:8      | Reached skill level 5 in Maces & Flails
  7875 | D:8      | Reached skill level 5 in Polearms
  7875 | D:8      | Reached skill level 5 in Staves
  7875 | D:8      | Reached skill level 5 in Slings
  7875 | D:8      | Reached skill level 5 in Bows
  7875 | D:8      | Reached skill level 5 in Crossbows
  7875 | D:8      | Reached skill level 5 in Throwing
  7875 | D:8      | Reached skill level 5 in Stealth
  7875 | D:8      | Reached skill level 5 in Shields
  7875 | D:8      | Reached skill level 5 in Unarmed Combat
  7875 | D:8      | Reached skill level 5 in Spellcasting
  7875 | D:8      | Reached skill level 5 in Evocations
  8333 | D:8      | Reached **** piety under Trog
  8553 | D:8      | You fall into a shaft and drop 1 floor!
  8857 | D:9      | Found a burning altar of Makhleb.
  9496 | D:9      | Noticed Blork the orc
  9504 | D:9      | Killed Blork the orc
 10625 | D:9      | Paralysed by a hornet for 3 turns
 10891 | D:9      | Reached XP level 11. HP: 79/81 MP: 19/19
 11117 | D:9      | Noticed a deep elf pyromancer
 11124 | D:9      | Killed a deep elf pyromancer
 11173 | D:9      | Noticed a deep elf zephyrmancer
 11182 | D:9      | Identified the -6 hat "Xerue" {+Inv rCorr}
 11183 | D:9      | Identified the +2 hat of Ivviuzeg {Rampage rPois rF- Dex+3}
 11187 | D:9      | Killed from afar by a deep elf zephyrmancer

Illustrated notes

Levels and vault maps discovered:
D:1:      evilmike_arrival_come_back, layout_basic,
          dreamdust_ecumenical_altar_angels_and_demons
D:2:      layout_loops_ring, basic_altar
D:3:      layout_rooms, grunt_dithmenos_smoke_and_mirrors,
          chequers_temple_overflow_statue_of_worship
D:4:      layout_rooms, chequers_serial_rivers_marsh, uniq_eustachio
D:5:      nicolae_cairo_tiling_very_big, layout_cave_pods,
          nzn_wu_jian_contemplation, serial_shops, nicolae_shop_hallway_plus,
          shop, nicolae_shop_statue_plus, nicolae_take_the_stairs,
          uniq_menkaure, uniq_duvessa
D:6:      layout_gridville, ashenzari_altar_1,
          minmay_temple_entry_enclosed_plants, biasface_ghost_orc_armoury,
          fountainhead
D:7:      layout_cave_pods, dk_xom_monty_hall, enter_bailey_3
D:8:      layout_loops_cross, serial_shops, shop
D:9:      layout_gridville, lightli_temple_of_fire, minmay_misc_feat_alley,
          hangedman_minor_magic

Skill      XL: |  1  2  3  4  5  6  7  8  9 10 |
---------------+-------------------------------+-----
Invocations    | 1 2 3 4 5 6 |  6.5
Short Blades   | 1 2 3 4 5 |  5.9
Long Blades    | 1 2 3 4 5 |  5.9
Maces & Flails | 1 2 3 4 5 |  5.9
Polearms       | 1 2 3 4 5 |  5.9
Staves         | 1 2 3 4 5 |  5.9
Slings         | 1 2 3 4 5 |  5.9
Bows           | 1 2 3 4 5 |  5.9
Crossbows      | 1 2 3 4 5 |  5.9
Throwing       | 1 2 3 4 5 |  5.9
Stealth        | 1 2 3 4 5 |  5.9
Shields        | 1 2 3 4 5 |  5.9
Unarmed Combat | 1 2 3 4 5 |  5.9
Spellcasting   | 1 2 3 4 5 |  5.9
Evocations     | 1 2 3 4 5 |  5.9
Conjurations   | 1 2 3 4 |  4.9
Hexes          | 1 2 3 4 |  4.9
Summonings     | 1 2 3 4 |  4.9
Necromancy     | 1 2 3 4 |  4.9
Translocations | 1 2 3 4 |  4.9
Transmutations | 1 2 3 4 |  4.9
Fire Magic     | 1 2 3 4 |  4.9
Ice Magic      | 1 2 3 4 |  4.9
Air Magic      | 1 2 3 4 |  4.9
Earth Magic    | 1 2 3 4 |  4.9
Poison Magic   | 1 2 3 4 |  4.9
Armour         | 5 6 7 |  7.6
Dodging        | 5 6 7 |  7.6
Fighting       | 7 8 |  8.9
Axes           | 7 8 |  8.9

Action                   |  1- 3 |  4- 6 |  7- 9 | 10-12 || total
-------------------------+-------+-------+-------+-------++-------
Melee: Hand axe          |    76 |    86 |   121 |       ||   283
       Bite              |     5 |     7 |    15 |    17 ||    44
       Punch             |       |     1 |     5 |       ||     6
       Battleaxe         |       |       |    70 |   132 ||   202
Invok: Berserk           |       |     2 |     9 |     8 ||    19
  Use: Scroll            |       |       |     4 |    22 ||    26
 Stab: Sleeping          |     3 |     1 |     4 |     1 ||     9
       Distracted        |       |       |       |     1 ||     1
Armor: Animal skin       |     7 |       |       |       ||     7
       Leather armour    |     3 |    45 |    46 |    23 ||   117
       Plate armour      |       |       |       |    34 ||    34
Dodge: Dodged            |    61 |    61 |   157 |    90 ||   369

Table legend: (Time is in decaauts)
 A = Elapsed time spent in this place.
 B = Non-inter-level travel time spent in this place.
 C = Inter-level travel time spent in this place.
 D = Time resting spent in this place.
 E = Time spent auto-exploring this place.
 F = Levels seen in this place.
 G = Mean time per level.
                   A        B        C        D        E       F      G
               +--------+--------+--------+--------+--------+-----+--------+
         Total |  11389 |  10741 |    648 |   3286 |   6051 |   9 | 1265.4 |
       Dungeon |  11389 |  10741 |    648 |   3286 |   6051 |   9 | 1265.4 |
               +--------+--------+--------+--------+--------+-----+--------+

Top non-repeatable levels by time:
     D:9: 2256 daAuts
     D:7: 1906 daAuts
     D:5: 1799 daAuts
     D:2: 1168 daAuts
     D:8: 1098 daAuts
     D:1: 924 daAuts
     D:6: 893 daAuts
     D:4: 722 daAuts
     D:3: 620 daAuts
